 Dungeon Crawl Stone Soup version 0.30.0-29-ga12c61a403 (webtiles) character file.

Game seed: 6467695189045051749

31576 Graphine the Severer (level 13, -1/130 HPs)
             Began as a Hill Orc Fighter on June 20, 2023.
             Was a High Priest of the Shining One.
             Killed by divine providence
             ... invoked by an orc priest
              (15 damage)
             ... on level 2 of the Orcish Mines.
             The game lasted 00:23:47 (13814 turns).

Graphine the Severer (Hill Orc Fighter)            Turns: 13814, Time: 00:23:50

Health: -1/130     AC: 20    Str: 20    XL:     13   Next: 59%
Magic:  19/19      EV:  8    Int:  8    God:    the Shining One [*****.]
Gold:   659        SH: 10    Dex: 10    Spells: 12/12 levels left

rFire   . . .        b - +13 consecrated labrys {holy, Valiant Fragile Fly SInv}
rCold   + . .        c - +0 buckler
rNeg    + + .        K - +3 chain mail {Will+}
rPois   .            N - +2 helmet
rElec   .            (no cloak)
rCorr   +            f - +0 pair of gloves
SInv    +            h - +1 pair of boots
Will    +++..        D - amulet of reflection Stlth
                     u - ring of resist corrosion
HPRegen 0.41/turn    M - ring of Luagruudd {rC+ Will++ Str-4 SInv}
MPRegen 0.16/turn

%: reflection
@: lethally poisoned (-1 -> -6), about to teleport, flying, glowing
A: no striking features
a: Renounce Religion, Convert to Beogh, Divine Shield, Cleansing Flame, Summon
Divine Warrior


You were on level 2 of the Orcish Mines.
You worshipped the Shining One.
The Shining One was extremely pleased with you.
You visited 3 branches of the dungeon, and saw 17 of its levels.

You collected 1143 gold pieces.
You spent 484 gold pieces at shops.

Inventory:

Hand Weapons
 b - the +13 consecrated labrys (weapon) {holy, Valiant Fragile Fly SInv}
   (You acquired it on level 2 of the Dungeon)

   Valiant:   It becomes more powerful as more dangerous foes come into view.
   SInv:      It lets you see invisible.
   Fly:       It grants you flight.
   Fragile:   It will be destroyed if unequipped.
Missiles
 a - a throwing net (quivered)
Armour
 c - a +0 buckler (worn)
 f - a +0 pair of gloves (worn)
 h - a +1 pair of boots (worn)
 K - a +3 chain mail of willpower (worn)
 N - a +2 helmet (worn)
Jewellery
 q - a ring of magical power
 u - a ring of resist corrosion (left hand)
 x - an amulet of the acrobat
 D - an amulet of reflection (around neck)
 I - a ring of flight
 M - the ring of Luagruudd (right hand) {rC+ Will++ Str-4 SInv}
   (You bought it in a shop on level 4 of the Dungeon)

   [ring of see invisible]

   Str:       It affects your strength (-4).
   rC:        It protects you from cold.
   SInv:      It lets you see invisible.
   Will:      It greatly increases your willpower.
Wands
 i - a wand of flame (15)
 j - a wand of polymorph (6)
 r - a wand of iceblast (29)
 H - a wand of charming (49)
Scrolls
 l - a scroll of enchant weapon
 n - 8 scrolls of teleportation
 v - 2 scrolls of magic mapping
 w - a scroll of silence
 z - 3 scrolls of immolation
 E - a scroll of fog
 L - 2 scrolls of summoning
Potions
 d - 5 potions of might
 e - a potion of haste
 g - 2 potions of lignification
 k - 3 potions of degeneration
 m - 2 potions of magic
 o - a potion of brilliance {unknown}
 p - a potion of mutation
 s - 3 potions of ambrosia
 t - 2 potions of curing
 A - 3 potions of flight
 B - 2 potions of heal wounds
 C - 2 potions of cancellation
 F - a potion of resistance
 J - 3 potions of attraction


   Skills:
 + Level 16.9 Fighting
 + Level 17.8 Axes
 - Level 8.0 Armour
 - Level 8.0 Shields
 + Level 9.1 Invocations


You had 12 spell levels left.
You didn't know any spells.
Your spell library contained the following spells:

 Spells                   Type           Power      Damage    Failure   Level
 Sandblast                Erth           0%         2d4       97%         1
 Cigotuvi's Dreadful Rot  Necr/Pois/Air  0%         N/A       99%         2
 Ensorcelled Hibernation  Hex/Ice        0%         N/A       99%         2
 Passwall                 Tmut/Erth      0%         N/A       99%         2
 Sublimation of Blood     Necr           0%         N/A       99%         2
 Wereblood                Tmut           0%         N/A       99%         2
 Dazzling Flash           Conj/Hex       0%         N/A       100%        3
 Ignite Poison            Fire/Tmut/Pois 0%         N/A       100%        3
 Spider Form              Tmut/Pois      0%         N/A       100%        3
 Stone Arrow              Conj/Erth      0%         3d7       100%        3
 Anguish                  Hex/Necr       0%         N/A       100%        4
 Olgreb's Toxic Radiance  Pois           0%         N/A       100%        4
 Agony                    Necr           0%         N/A       100%        5
 Freezing Cloud           Conj/Ice/Air   0%         6-21      100%        5
 Silence                  Hex/Air        0%         N/A       100%        5
 Summon Hydra             Summ           0%         N/A       100%        7
 Discord                  Hex            0%         N/A       100%        8
 Ignition                 Fire           0%         3d3       100%        8


Dungeon Overview and Level Annotations

Branches:
Dungeon (14/15)            Temple (1/1) D:5            Lair (0/5) D:9
    Orc (1/2) D:10         Vaults (0/5) D:14

Altars:
Ashenzari
Cheibriados
Dithmenos
Elyvilon
Fedhas
Gozag
Hepliaklqana
Kikubaaqudgha
Makhleb
Nemelex Xobeh
Okawaru
Qazlal
Ru
Sif Muna
Trog
Uskayaw
Vehumet
Wu Jian
Xom
The Shining One

Shops:
D:4 =   D:12 *   Orc:2 :

Portals:
Abyss: D:8


Message History

You slash the orc knight!
The orc priest shouts, "Join the one true god or die!"
The orc knight hits you from afar with a +0 halberd!
The orc knight hits you with a +0 great sword!
The orc knight hits you but does no damage.
Cleave: b) +13 consecrated labrys {holy, Valiant Fragile Fly SInv}
Press: ? - help, Dir - move target, f/p - orc knight
Aim: an orc knight, wielding a +0 great mace and wearing a +0 plate armour (blue smoke, almost dead, strong, haloed, about 13% to evade the +13 consecrated labrys)
You hit the orc knight.
The orc knight is almost dead.
You barely miss the orc knight. The orc knight barely misses you.
The orc knight hits you with a +0 great sword!
* * * LOW HITPOINT WARNING * * *
You block the orc knight's attack.
The orc priest hits you but does no damage.
You are poisoned.
Okay, then.
Aiming: Iceblast
Press: ? - help, Shift-Dir - straight line, f - orc priest, p - orc knight
Aim: an orc priest, wielding a +2 trident of venom and wearing a +0 ring mail (blue smoke, strong, haloed)
The mass of ice explodes!
The iceblast engulfs the orc priest.
The orc priest is heavily wounded.
The iceblast engulfs the orc knight!
The orc knight partially resists.
The orc knight is lightly wounded.
The iceblast engulfs the orc knight!
You kill the orc knight!
You feel very sick. You block the orc knight's attack.
The orc knight hits you with a +0 great sword!!
* * * LOW HITPOINT WARNING * * *
The orc priest calls upon Beogh to heal something.
Okay, then.
As you read the scroll of teleportation, it crumbles to dust.
You feel strangely unstable.
You feel sick.
The orc priest threatens, "By the altar or by the axe, you will meet Beogh!"
You block the orc priest's attack.
The orc knight hits you but does no damage.
The orc priest calls down the wrath of Beogh upon you.
Beogh smites you!
You die...

#####.................#...#####
#######.###########...##
######.###### #....##
#...........### #.....#
...####.####...## ##.)))#
#.######..## ###)###
#.#.§§###..# #.)..#
#.#.o§o§##.# ##.......
#.#§oo@§§#)# ###.....
...ooo##§§))# ..... ...o§
##§.## ..... .... #..# .... ...
....# #... .. .##..# #.. . #
..## .∩## ##


You could see 2 orc knights, an orc sorcerer (strong) and 2 orc priests.

Vanquished Creatures
  Snorg (D:11)
  Erolcha (D:9)
  6 vault guards (D:14)
  A boulder beetle (D:14)
  Erica (D:8)
  A centaur warrior (D:14)
  2 two-headed ogres
  A death knight (D:13)
  2 orc high priests (Orc:2)
  A tengu warrior (D:13)
  A phantasmal warrior (D:13)
  The ghost of Dadi the Jinx, a novice DECj of Vehumet (D:8)
  2 orc knights (Orc:2)
  2 deep elf pyromancers
  3 cyclopes
  4 orc sorcerers (Orc:2)
  A manticore (D:12)
  3 ugly things
  15 slime creatures
  A gargoyle (D:12)
  A freezing wraith (D:13)
  An unseen horror (D:10)
  A hellwing (D:8)
  2 trolls
  A hornet (D:8)
  Prince Ribbit (D:5)
  Sigmund (D:4)
  2 shadows (D:13)
  3 wyverns
  5 wraiths
  19 yaks
  Eustachio (D:4)
  3 steam dragons
  A basilisk (D:9)
  An acid dragon (D:8)
  3 small abominations (D:8)
  9 orc warriors
  3 black bears
  2 ice beasts
  4 centaurs
  An ogre (D:4)
  A phantom (D:4)
  4 bullfrogs
  4 kobold brigands
  2 gnoll sergeants
  4 scorpions
  5 wights
  3 killer bees (D:5)
  6 howler monkeys
  3 lava snakes (D:10)
  2 jellies
  Crazy Yiuf (D:5)
  11 orc priests
  2 gnoll boudas
  Terence (D:2)
  Ijyb (D:5)
  2 sleepcaps
  2 iguanas
  15 orc wizards
  20 gnolls
  9 adders
  2 shadow imps
  2 white imps (D:6)
  3 worms
  A dart slug (D:2)
  47 orcs
  4 ball pythons
  4 bats
  3 endoplasms
  3 goblins
  4 hobgoblins
  3 quokkas (D:4)
  A frilled lizard (D:3)
  22 kobolds
  5 rats
317 creatures vanquished.

Vanquished Creatures (others)
  A gnoll (D:8)
1 creature vanquished.

Grand Total: 318 creatures vanquished

Notes
Turn   | Place    | Note
-------+----------+-------------------------------------------
     0 | D:1      | Graphine the Hill Orc Fighter began the quest for the Orb.
     0 | D:1      | Reached XP level 1. HP: 19/19 MP: 1/1
   354 | D:1      | Reached skill level 3 in Axes
   354 | D:1      | Reached XP level 2. HP: 27/27 MP: 2/2
   774 | D:2      | Reached XP level 3. HP: 33/33 MP: 3/3
  1251 | D:2      | Reached XP level 4. HP: 39/40 MP: 4/4
  1405 | D:2      | Found a faded altar of an unknown god.
  1459 | D:2      | Noticed Terence
  1464 | D:2      | Killed Terence
  1791 | D:2      | Identified a scroll of acquirement
  1791 | D:2      | Acquired the +4 consecrated labrys {holy, Valiant Fragile
                  | Fly SInv}
  1791 | D:2      | Found the +4 consecrated labrys {holy, Valiant Fragile Fly
                  | SInv}
  1827 | D:3      | Reached skill level 4 in Axes
  1827 | D:3      | Reached XP level 5. HP: 39/47 MP: 5/5
  1907 | D:3      | Identified the +0 robe of the Lily {MP+9 Str+3}
  2184 | D:3      | Found a shadowy altar of Dithmenos.
  2503 | D:4      | Noticed a phantom
  2507 | D:4      | Killed a phantom
  2508 | D:4      | Reached skill level 5 in Fighting
  2508 | D:4      | Reached XP level 6. HP: 56/56 MP: 6/6
  2515 | D:4      | Found Nebetaus's Jewellery Shop.
  2713 | D:4      | Noticed Sigmund
  2724 | D:4      | Killed Sigmund
  2725 | D:4      | Reached skill level 5 in Axes
  2725 | D:4      | Reached skill level 5 in Armour
  2725 | D:4      | Reached skill level 5 in Shields
  2725 | D:4      | Reached XP level 7. HP: 57/62 MP: 7/7
  2942 | D:4      | Noticed Eustachio
  2951 | D:4      | Killed Eustachio
  3182 | D:5      | Entered Level 5 of the Dungeon
  3182 | D:5      | Noticed Ijyb
  3189 | D:5      | Killed Ijyb
  3190 | D:5      | Reached skill level 6 in Axes
  3309 | D:5      | Noticed Prince Ribbit
  3319 | D:5      | Killed Prince Ribbit
  3320 | D:5      | Reached XP level 8. HP: 41/71 MP: 8/8
  3698 | D:5      | Found a runed translucent door.
  3699 | D:5      | Noticed Crazy Yiuf
  3715 | D:5      | Found a staircase to the Ecumenical Temple.
  3734 | D:5      | Killed Crazy Yiuf
  3735 | D:5      | Reached skill level 7 in Axes
  3904 | Temple   | Entered the Ecumenical Temple
  3932 | Temple   | Became a worshipper of the Shining One
  4578 | D:6      | Reached XP level 9. HP: 80/80 MP: 9/9
  5054 | D:7      | Reached skill level 8 in Axes
  5328 | D:7      | Found a stormy altar of Qazlal.
  5444 | D:7      | Found a sparkling altar of Nemelex Xobeh.
  5978 | D:8      | Found a transporter.
  5981 | D:8      | Found the +8 demon trident "Rift" {distort, reach+}
  5984 | D:8      | Found a transporter.
  5992 | D:8      | Noticed a hellwing
  6022 | D:8      | Reached * piety under the Shining One
  6181 | D:8      | Noticed Erica
  6190 | D:8      | Killed Erica
  6191 | D:8      | Reached skill level 9 in Axes
  6200 | D:8      | Reached XP level 10. HP: 61/91 MP: 10/10
  6314 | D:8      | Reached skill level 10 in Fighting
  6314 | D:8      | Reached skill level 10 in Axes
  6457 | D:8      | Found a one-way gate to the infinite horrors of the Abyss.
  6463 | D:8      | Noticed Dadi's ghost (novice DECj)
  6659 | D:8      | Found a sacrificial altar of Ru.
  6821 | D:8      | Killed Dadi's ghost
  6822 | D:8      | Reached skill level 11 in Axes
  6914 | D:9      | Found a radiant altar of Vehumet.
  7018 | D:9      | Reached ** piety under the Shining One
  7019 | D:9      | Found a staircase to the Lair.
  7058 | D:9      | Noticed a two-headed ogre
  7061 | D:9      | Killed a two-headed ogre
  7062 | D:9      | Reached skill level 12 in Axes
  7342 | D:9      | Reached XP level 11. HP: 104/104 MP: 11/11
  7580 | D:9      | Noticed Erolcha
  7591 | D:9      | Killed Erolcha
  7592 | D:9      | Reached skill level 13 in Axes
  7935 | D:10     | Entered Level 10 of the Dungeon
  8243 | D:4      | Bought the ring of Luagruudd {rC+ Will++ Str-4 SInv} for
                  | 484 gold pieces
  8418 | D:10     | Reached *** piety under the Shining One
  8606 | D:10     | Found a staircase to the Orcish Mines.
  8697 | D:10     | Reached skill level 14 in Axes
  8874 | D:10     | Found a shimmering blue altar of Sif Muna.
  9403 | D:11     | Noticed a brown ugly thing
  9406 | D:11     | Noticed a two-headed ogre
  9410 | D:11     | Killed a brown ugly thing
  9415 | D:11     | Killed a two-headed ogre
  9466 | D:11     | Noticed a red ugly thing
  9472 | D:11     | Killed a red ugly thing
  9500 | D:11     | Reached skill level 15 in Axes
  9595 | D:11     | Reached XP level 12. HP: 118/118 MP: 12/12
  9717 | D:11     | Noticed Snorg
  9727 | D:11     | Killed Snorg
 10186 | D:12     | Reached skill level 15 in Fighting
 10332 | D:12     | Reached skill level 1 in Invocations
 10796 | D:12     | Found Cauckusi's Blood Bar.
 10889 | D:12     | Reached skill level 16 in Axes
 11135 | D:13     | Noticed a tengu warrior
 11147 | D:13     | Killed a tengu warrior
 11747 | D:13     | Reached **** piety under the Shining One
 11796 | D:13     | Reached skill level 5 in Invocations
 11916 | D:13     | Noticed a death knight
 11926 | D:13     | Killed a death knight
 12777 | D:14     | Noticed a boulder beetle
 12783 | D:14     | Noticed a centaur warrior
 12787 | D:14     | Noticed a vault guard
 12791 | D:14     | Killed a centaur warrior
 12792 | D:14     | Reached XP level 13. HP: 94/128 MP: 17/17
 12797 | D:14     | Killed a vault guard
 12798 | D:14     | Reached skill level 17 in Axes
 12799 | D:14     | Noticed a vault guard
 12806 | D:14     | Noticed a vault guard
 12811 | D:14     | Noticed a vault guard
 12812 | D:14     | Killed a vault guard
 12816 | D:14     | Killed a vault guard
 12821 | D:14     | Killed a vault guard
 12821 | D:14     | Noticed a vault guard
 12823 | D:14     | Found a gate to the Vaults.
 12829 | D:14     | Killed a vault guard
 13155 | D:14     | Noticed a vault guard
 13165 | D:14     | Killed a vault guard
 13383 | Orc:1    | Entered Level 1 of the Orcish Mines
 13470 | Orc:1    | You are sucked into a shaft and drop 1 floor!
 13470 | Orc:2    | Entered Level 2 of the Orcish Mines
 13759 | Orc:2    | Found Amuig's Book Shoppe.
 13785 | Orc:2    | Reached ***** piety under the Shining One
 13814 | Orc:2    | Killed from afar by an orc priest

Illustrated notes

Levels and vault maps discovered:
D:1:      psy_arrival_radial01, layout_basic
D:2:      layout_basic, dreamdust_ecumenical_altar_angels_and_demons,
          uniq_terence
D:3:      layout_loops_ring, nicolae_dithmenos_the_darkroom,
          minmay_tree_intersection
D:4:      layout_loops_ring, serial_shops, nicolae_diamond_shop,
          minmay_door_square, minmay_cupped, uniq_eustachio, uniq_sigmund
D:5:      layout_basic, minmay_temple_entry_glass, uniq_crazy_yiuf_cottage,
          uniq_prince_ribbit1, uniq_ijyb
D:6:      layout_basic
D:7:      layout_basic, mainiacjoe_overflow_surrounded_room,
          mainiacjoe_overflow_alcove_4
D:8:      layout_basic, nicolae_ru_path_of_blood,
          gammafunk_ghost_abyssal_escape, st_stairs_14, minmay_bent, uniq_erica
D:9:      layout_stronghold, nicolae_vehumet_radiance, david_lair_generic,
          uniq_erolcha
D:10:     erik_rubicon_a, layout_irregular_city, mainiacjoe_overflow_alcove_2,
          david_orc_3
D:11:     layout_small_grid, uniq_snorg
D:12:     layout_layer_cave, guppyfry_shop_blood
D:13:     layout_layer_cave
D:14:     layout_roguey, erik_vaults_2, nicolae_qazlal_style_of_elements,
          nicolae_underground_beach
Temple:   nicolae_temple_bog_church
Orc:1:    layout_caves, serial_shops, shop, nicolae_orc_damp_corner
Orc:2:    st_orc_elflike, layout_diamond_mine, nicolae_orc_bridge_out

Skill      XL: |  1  2  3  4  5  6  7  8  9 10 11 12 13 |
---------------+----------------------------------------+-----
Axes           | 3 4 5 6 7 9 12 15 16 17 | 17.8
Fighting       | 4 5 6 7 9 12 14 16 | 16.9
Armour         | 4 5 6 8 |  8.0
Shields        | 4 5 6 8 |  8.0
Invocations    | 6 9 |  9.1

Action                     |  1- 3 |  4- 6 |  7- 9 | 10-12 | 13-15 || total
---------------------------+-------+-------+-------+-------+-------++-------
  Melee: War axe           |    53 |    26 |       |       |       ||    79
         Labrys            |       |    58 |   182 |   376 |   123 ||   739
  Evoke: Wand              |       |       |     1 |       |     2 ||     3
    Use: Scroll            |     1 |     9 |    11 |     6 |     2 ||    29
         Potion            |       |       |       |       |     3 ||     3
 Armour: Scale mail        |    31 |    12 |       |       |       ||    43
         Chain mail        |       |    35 |    84 |   127 |    29 ||   275
  Dodge: Dodged            |    26 |    44 |    77 |    85 |    14 ||   246
  Block: Buckler           |    10 |    23 |    70 |   147 |    34 ||   284
         Reflection        |       |       |     3 |    11 |       ||    14
